Map: Bridgehead LE (Void)

Players

SticklerMac

  • Race: Terran Terran
  • League: Bronze

DontPanic - Winner!

  • Race: Protoss Protoss
  • League: Bronze

VOD

Have the link to the VOD?

Description

Time

  • Played on: July 29, 2015, 9:30 a.m.
  • Length: 17:09
Show
View Real Time Build Order
Export as new Build Order

SticklerMac Terran 

Build Orders: Liberator Opening 

Get SALT Encoding   

  12  0:00  SCV  
  13  0:13  SCV  
  14  0:20  Supply Depot  
  14  0:25  SCV  
  15  0:42  SCV  
  16  0:44  Barracks  
  16  0:52  Refinery  
  16  0:54  SCV  
  17  1:06  SCV  
  18  1:15  Barracks  
  18  1:20  SCV  
  19  1:30  Refinery  
  19  1:32  SCV  
  20  1:37  Supply Depot  
  20  1:44  SCV  
  21  1:53  Factory  
  21  1:57  SCV  
  22  2:04  Marine  
  22  2:06  Barracks Tech Lab  
  23  2:13  SCV  
  24  2:27  Concussive Shells  
  24  2:41  Command Center, SCV  
  25  2:45  Factory Reactor  
  25  2:51  Starport  
  25  2:59  Marauder  
  25  3:00  Marine  
  28  3:19  Orbital Command  
  28  3:25  Supply Depot  
  28  3:27  Marine  
  28  3:30  Marauder  
  31  3:37  Starport Tech Lab  
  31  3:47  SCV  
  32  3:50  Supply Depot  
  32  3:51  Widow Mine  
  32  3:53  Liberator  
  34  3:57  Marauder  
  34  3:58  Marine  
  40  4:17  SCV  
  40  4:19  SCV  
  40  4:23  Widow Mine  
  44  4:27  Marine, Marauder  
  47  4:32  SCV x2  
  49  4:52  Raven  
  51  5:09  Widow Mine  
  51  5:12  Marine, Marauder  
  56  5:31  Marine  
  56  5:33  Marauder  
  59  5:42  Banshee  
  62  5:50  Supply Depot  
  62  5:51  Supply Depot  
  62  5:56  Orbital Command  
  62  6:01  Barracks  
  62  6:03  Barracks  
  62  6:06  Barracks  
  62  6:08  Barracks  
  62  6:12  SCV, Marauder, Marine  
  66  6:25  Raven, Widow Mine x2  
  72  6:30  Marine  
  74  6:32  SCV  
  74  6:33  SCV  
  74  6:34  Marauder  
  77  6:44  SCV  
  78  7:04  Barracks Reactor x3  
  78  7:05  Barracks Reactor  
  78  7:33  Refinery  
  78  7:35  Refinery  
  78  8:00  Supply Depot  
  78  8:02  Supply Depot  
  78  8:03  Supply Depot  
  78  8:04  Supply Depot  
  78  8:16  Engineering Bay  
  78  8:18  Engineering Bay  
  78  8:21  Marine x3, Widow Mine x2  
  78  8:22  SCV  
  78  8:23  Marine x6  
  78  8:24  Marauder  
  78  8:25  Medivac  
  96  8:39  Marine x3  
  99  8:41  Marine x6  
  99  8:45  Marauder  
  99  8:46  Terran Infantry Weapons Level 1  
  99  8:47  Terran Infantry Armor Level 1  
  107  8:50  Widow Mine  
  107  8:52  Unknown  
  109  8:57  Marine  
  110  9:07  Supply Depot x2  
  110  9:28  Marine x4, Widow Mine x2  
  110  9:29  Marauder, Medivac, Marine x2  
  124  9:31  Marine  
  124  9:32  Marine  
  126  9:44  Supply Depot x2  
  126  9:45  Supply Depot x2  
  126  9:52  Armory  
  126  10:05  Widow Mine, Medivac, Marine x9  
  126  10:06  Widow Mine, Marauder  
  143  10:16  Supply Depot  
  143  10:17  Supply Depot x2  
  143  10:20  Supply Depot  
  143  10:23  Marine x7  
  143  10:27  Marauder  
  152  10:34  Marine x2  
  154  10:35  Medivac  
  154  10:41  Marine x2  
  158  10:49  Marauder  
  160  10:54  Stimpack  
  160  10:58  Terran Infantry Weapons Level 2, Terran Infantry Armor Level 2  
  160  11:01  Supply Depot  
  160  11:02  Supply Depot  
  160  11:13  Raven  
  160  11:14  Marine x3  
  160  11:15  Marine x3  
  160  11:16  Marine  
  169  11:29  Marauder  
  171  11:33  Widow Mine x2  
  171  11:35  Marine x2  
  171  11:36  Marine  
  178  11:51  Marine, Marauder  
  178  11:52  Marine x5  
  178  11:53  Marine x2  
  188  11:55  Medivac  
  190  12:02  Widow Mine x2  
  190  12:04  Marine  
  195  12:09  Marine  
  196  12:19  Marine  
  196  12:20  Marine x3  
  91  13:18  Marine x8  
  91  13:19  Marine x2  
  76  13:35  Marine  
  76  13:36  Widow Mine, Marine x9  
  76  13:37  Widow Mine  
  86  13:49  Medivac  
  86  13:53  Marine  
  86  13:54  Marine x7  
  96  14:05  Widow Mine x2  
  96  14:09  Marine  
  101  14:11  Marine  
  101  14:12  Marine x7  
  109  14:18  Orbital Command  
  109  14:27  Medivac, Marine  
  109  14:29  Marine x3  
  115  14:33  Widow Mine  
  117  14:48  Marine x5  
  117  14:49  Marine  
  76  15:37  Marine  
  76  15:38  Marine x8  
  85  15:55  Marine x3  
  85  15:56  Marine  
  89  16:00  Marine x3  
  89  16:01  Marine x2  
  79  16:21  Widow Mine x2  
  82  16:34  Marine x8  
  82  16:35  Marine  
Show
View Real Time Build Order
Export as new Build Order

DontPanic Protoss - Winner!

Build Orders: Nexus First, Colossus Rush 

Get SALT Encoding   

  12  0:03  Probe  
  13  0:15  Probe  
  14  0:51  Nexus  
  14  1:02  Pylon  
  14  1:20  Probe (Chrono Boost)  
  15  1:26  Gateway  
  15  1:29  Forge  
  15  1:30  Probe (Chrono Boost)  
  16  1:47  Probe (Chrono Boost)  
  16  1:48  Pylon  
  17  1:58  Probe (Chrono Boost)  
  18  2:01  Assimilator  
  18  2:06  Probe (Chrono Boost)  
  19  2:10  Probe (Chrono Boost)  
  20  2:17  Probe (Chrono Boost)  
  20  2:20  Cybernetics Core, Probe (Chrono Boost)  
  22  2:23  Probe (Chrono Boost)  
  22  2:27  Pylon  
  23  2:32  Assimilator  
  23  2:34  Probe x2  
  25  2:37  Zealot  
  27  2:46  Probe  
  28  3:02  Probe x2  
  28  3:03  Pylon  
  30  3:11  Photon Cannon  
  30  3:14  Probe x2  
  32  3:26  Probe x2, Photon Cannon  
  34  3:29  Photon Cannon, Assimilator  
  34  3:32  Assimilator  
  34  3:38  Probe  
  35  3:44  Robotics Facility  
  35  3:57  Probe x2  
  37  4:09  Probe x2  
  39  4:10  Photon Cannon  
  39  4:11  Pylon  
  39  4:15  Zealot  
  41  4:24  Gateway  
  41  4:27  Gateway  
  41  4:28  Gateway  
  41  4:35  Pylon  
  41  4:40  Observer (Chrono Boost)  
  42  4:47  Probe x2  
  44  4:59  Probe x2  
  46  5:03  Robotics Bay  
  46  5:07  Immortal  
  46  5:12  Robotics Facility  
  46  5:13  Warp Gate (Chrono Boost)  
  50  5:14  Probe  
  50  5:16  Probe  
  52  5:27  Probe  
  53  5:53  Nexus  
  53  5:56  Colossus  
  59  6:04  Zealot  
  61  6:06  Zealot  
  61  6:08  Zealot  
  61  6:10  Probe x2  
  67  6:22  Probe x2  
  69  6:28  Colossus  
  75  6:58  Stargate  
  75  6:59  Pylon  
  75  7:03  Pylon  
  75  7:04  Colossus  
  75  7:06  Stargate  
  81  7:09  Probe x3, Stargate  
  84  7:16  Pylon  
  84  7:20  Pylon  
  84  7:21  Probe x3  
  87  7:29  Pylon  
  87  7:34  Colossus  
  93  7:38  Extended Thermal Lance  
  92  7:48  Phoenix  
  94  7:52  Phoenix  
  94  7:54  Phoenix  
  94  7:57  Colossus  
  104  8:13  Phoenix  
  104  8:17  Probe x3, Phoenix  
  104  8:19  Phoenix  
  113  8:21  Assimilator  
  113  8:24  Assimilator  
  113  8:29  Probe x2  
  113  8:30  Observer  
  116  8:36  Nexus  
  116  8:38  Phoenix  
  118  8:42  Phoenix  
  118  8:44  Phoenix  
  122  8:51  Immortal  
  122  8:52  Immortal  
  130  9:02  Photon Cannon  
  130  9:05  Photon Cannon  
  130  9:13  Photon Cannon  
  130  9:34  Pylon  
  130  9:42  Pylon  
  130  9:45  Nexus  
  130  9:47  Colossus  
  130  9:48  Phoenix x3  
  130  9:50  Pylon  
  142  10:01  Pylon  
  142  10:03  Pylon  
  142  10:23  Pylon  
  142  10:28  Probe x3  
  144  10:29  Phoenix x3  
  144  10:31  Colossus  
  157  10:41  Colossus  
  163  10:43  Protoss Air Weapons Level 1  
  163  10:54  Photon Cannon  
  163  10:56  Pylon  
  163  10:59  Pylon  
  163  11:03  Probe x4  
  167  11:09  Probe  
  168  11:15  Pylon  
  168  11:16  Phoenix x2  
  168  11:17  Phoenix  
  174  11:21  Probe  
  174  11:25  Colossus, Pylon  
  175  11:27  Protoss Ground Weapons Level 1  
  175  11:32  Pylon  
  181  11:34  Colossus  
  187  11:41  Void Ray  
  187  11:46  Void Ray  
  195  11:51  Void Ray  
  199  12:21  Gateway  
  199  12:25  Gateway  
  199  12:27  Gateway  
  199  12:38  Protoss Air Armor Level 1  
  98  13:22  Protoss Shields Level 1, Colossus x2  
  98  13:33  Void Ray x3  
  110  13:43  Pylon  
  110  13:53  Mothership Core  
  112  13:58  Fleet Beacon  
  112  14:12  Zealot x5  
  112  14:13  Zealot x2  
  112  14:16  Colossus x2  
  138  14:31  Void Ray x3  
  138  14:37  Zealot x6  
  138  14:38  Zealot  
  138  15:09  Colossus  
  138  15:10  Observer  
  143  15:18  Void Ray  
  143  15:19  Void Ray x2  
  155  15:23  Zealot  
  155  15:24  Zealot  
  155  15:26  Zealot  
  161  15:31  Colossus  
  167  16:03  Colossus  
  173  16:29  Zealot x5  
  173  16:30  Zealot x2  
Tags
 
Add a new tag
Caveats
  • Supply blocks, unpowered buildings, or Contaminate may cause inaccurate times.
  • Supply counts are checked every 10 seconds.